[Event "Late-Titled-Tuesday-Blitz-February-06-2024"]
[Site "Chess.com"]
[Date "2024.02.06"]
[Round "7"]
[White "ninguno46"]
[Black "DavidGavrilescu18"]
[Result "0-1"]
[WhiteElo "2536"]
[BlackElo "2780"]
[TimeControl "180+1"]
[EndTime "15:16:52 PST"]
[Termination "DavidGavrilescu18 won on time"]

1. e4 c5 2. Nc3 Nc6 3. f4 e6 4.
Nf3 a6 5. d3 d5 6. g3 g6 7. Bg2 Bg7 8. O-O Nge7 9. Bd2 O-O 10. Rb1 b5 11. a3 Rb8 12. Kh1 a5 13. a4 b4 14. Nb5 Ba6 15. c4 bxc3 16. bxc3 dxe4 17. dxe4 Qd3 18. Re1 Rfd8 19. Bf1 Qd7 20. Qc2 Na7 21. Qb3 Nec8 22. Be3 Qb7 23. Nd2 Nd6 24.
c4 Nxe4 25. Bg2 Nxd2 26. Bxd2 Rxd2 27. Bxb7 Bxb7+ 28. Kg1 Nxb5 29. Qxb5 Bd4+ 0-1

[Event "Late-Titled-Tuesday-Blitz-February-06-2024"]
[Site "Chess.com"]
[Date "2024.02.06"]
[Round "7"]
[White "babero_gordo"]
[Black "Pachonpower"]
[Result "0-1"]
[WhiteElo "2104"]
[BlackElo "2294"]
[TimeControl "180+1"]
[EndTime "15:16:54 PST"]
[Termination "Pachonpower won by resignation"]

1. e4 e6 2. d4 d5 3. e5 c5 4. c3 Nc6 5. Nf3 Qb6 6. Bd3 Bd7 7. O-O cxd4 8. Re1 Rc8 9. a3 h5 10. cxd4 Nxd4 11. Nbd2 Bc5 12. Nxd4 Bxd4 13. Qe2 Nh6 14.
Rb1 Ng4 15. Nf3 Bxf2+ 16. Kf1 Bxe1 17. Kxe1 Nxh2 18. Nxh2 Qg1+ 19. Nf1 h4 20. Be3 Qh1 21. Kd2 h3 22. Ng3 Qxg2 23. Rg1 Qxe2+ 24. Nxe2 b6 25.
Rh1 Ke7 26. Rh2 Rh5 27. Bd4 g5 28. Ng3 Rh4 29. Be3 Rg8 30. Be2 d4 31. Bf2 g4 32.
Nf5+ exf5 33. Bxh4+ Ke6 34. Bg3 Bc6 35. Bd3 a6 36. Rf2 Bf3 37. Be2 Bxe2 38. Kxe2 Rc8 39. Kd3 b5 40. Kxd4 Rc4+ 41. Kd3 a5 42. Rc2 Kd5 43. Rxc4 bxc4+ 44. Kc3 Ke4 45. Kxc4 f4 46. Bh4 h2 0-1

[Event "Late-Titled-Tuesday-Blitz-February-06-2024"]
[Site "Chess.com"]
[Date "2024.02.06"]
[Round "7"]
[White "cristianserban1"]
[Black "trriinu"]
[Result "1-0"]
[WhiteElo "2527"]
[BlackElo "2244"]
[TimeControl "180+1"]
[EndTime "15:16:58 PST"]
[Termination "cristianserban1 won by resignation"]

1. Nf3 c5 2. g3 d5 3. Bg2 Nf6 4. O-O Nc6 5. d4 e6 6. c4 dxc4 7. dxc5 Qxd1 8. Rxd1 Bxc5 9. Nbd2 Ng4 10. e3 Nge5 11.
Nxe5 Nxe5 12. Bf1 b5 13. a4 Bb7 14. axb5 Rc8 15. Bg2 Bxg2 16. Kxg2 O-O 17. Ne4 Bb6 18. Bd2 Nd3 19. Bc3 Rfd8 20. Rd2 h6 21. g4 f5 22. gxf5 exf5 23. Ng3 g6 24. Rad1 Rd5 25. h4 Rxb5 26. h5 g5 27. e4 f4 28. Nf5 Rxf5 29. exf5 g4 30. Rxd3 cxd3 31. Rxd3 f3+ 32. Kg3 Rf8 33.
f6 Bc7+ 34. Kxg4 Re8 35. Kxf3 Kf7 36. Rd7+ Ke6 37. Rxc7 1-0

[Event "Late-Titled-Tuesday-Blitz-February-06-2024"]
[Site "Chess.com"]
[Date "2024.02.06"]
[Round "7"]
[White "youngdinousaur"]
[Black "Zavgorodniy_Sergiy"]
[Result "0-1"]
[WhiteElo "2329"]
[BlackElo "2584"]
[TimeControl "180+1"]
[EndTime "15:16:58 PST"]
[Termination "Zavgorodniy_Sergiy won by checkmate"]

1. d4 d5 2. Nf3 Nf6 3. Bf4 e6 4. e3 c5 5. c3 Bd6 6. Bg3 Qc7 7. Ne5 O-O 8. Bd3 b6 9. Nd2 Ba6 10. Bxa6 Nxa6 11. Qe2 Nb8 12. O-O Nc6 13. Nxc6 Qxc6 14.
Nf3 Ne4 15. Ne5 Qc7 16. f4 f6 17. Nf3 Nxg3 18. hxg3 e5 19. Rad1 cxd4 20. cxd4 exf4 21.
exf4 Rfe8 22. Qd3 Re4 23. Rc1 Qb7 24. Nd2 Re7 25. Rfe1 Rae8 26. Kf2 g6 27. Qb3 Kf7 28. a3 h5 29. Nf3 Kg7 30. Qb5 Kf7 31. Rxe7+ Rxe7 32. Qc6 Qxc6 33. Rxc6 Ke6 34. Ne5 g5 35. Nf3 Kd7 36.
Rc2 gxf4 37. gxf4 Bxf4 38. b3 Re4 39. Re2 Rxe2+ 40. Kxe2 Ke6 41. Nh4 Bg5 42. Nf3 Kf5 43. Nd2 Bxd2 44. Kxd2 Kg4 45. Ke2 Kg3 46. Kf1 f5 47. b4 f4 48. a4 f3 49. Kg1 fxg2 50. a5 h4 51. axb6 h3 52. b7 h2# 0-1

[Event "Late-Titled-Tuesday-Blitz-February-06-2024"]
[Site "Chess.com"]
[Date "2024.02.06"]
[Round "7"]
[White "Payyappat"]
[Black "CarlosjPineror"]
[Result "0-1"]
[WhiteElo "2526"]
[BlackElo "2694"]
[TimeControl "180+1"]
[EndTime "15:16:59 PST"]
[Termination "CarlosjPineror won on time"]

1. e4 c5 2. Nf3 e6 3. d4 cxd4 4. Nxd4 a6 5. Nc3 Qc7 6. Be2 Nf6 7. O-O Be7 8. f4 d6 9. Bf3 Nbd7 10. Be3 O-O 11.
g4 Nb6 12. g5 Nfd7 13. f5 Nc4 14. Qe1 Nxe3 15. Qxe3 Ne5 16. Bg2 Re8 17. f6 Bf8 18. Qg3 b5 19. Kh1 Bb7 20. Nce2 g6 21. Rf4 d5 22.
Rh4 dxe4 23. Rh3 Rac8 24. Qh4 h5 25. Nf4 Nf3 26. Bxf3 exf3 27. Kg1 Qe5 28. c3 Qe3+ 29. Kf1 e5 30. Nxh5 Qd3+ 31. Kg1 exd4 32. Nf4 f2+ 0-1

[Event "Late-Titled-Tuesday-Blitz-February-06-2024"]
[Site "Chess.com"]
[Date "2024.02.06"]
[Round "7"]
[White "Teidi96"]
[Black "Bryanl106"]
[Result "1/2-1/2"]
[WhiteElo "2360"]
[BlackElo "2532"]
[TimeControl "180+1"]
[EndTime "15:16:59 PST"]
[Termination "Game drawn - insufficient material"]

1. e4 c5 2. Nf3 g6 3. d4 cxd4 4. Nxd4 Nc6 5. c4 Nf6 6. Nc3 Bg7 7. Be3 d6 8. Be2 O-O 9. O-O Bd7 10. h3 Qa5 11. Qc2 Rfc8 12. Nb3 Qc7 13. Rad1 a6 14. Nd4 b5 15. cxb5 Nxd4 16. Bxd4 axb5 17. Qb3 Rcb8 18.
Bxf6 Bxf6 19. Nd5 Qc5 20. Nxf6+ exf6 21. Rc1 Be6 22. Rxc5 Bxb3 23. Rxb5 Rxb5 24. Bxb5 Rxa2 25. Rb1 Bc2 26. Rc1 Rxb2 27. Bc6 Rb1 28. Rxb1 Bxb1 29. f4 Kf8 30. Kf2 Ba2 31. Ke3 Ke7 32. Kd4 Be6 33.
h4 Bg4 34. g3 Be6 35. Bb7 Kd7 36. Ba6 Kc6 37. Bd3 Kb6 38. Be2 Ka5 39. g4 Kb4 40.
f5 Bb3 41. g5 fxg5 42. hxg5 Ka3 43. fxg6 fxg6 44. Bc4 Ba4 45. Bg8 Be8 46. Kd5 Kb4 47. Kxd6 Kc3 48. e5 Kd4 49. Bxh7 Ke4 50. e6 Kf5 51.
Ke7 Bc6 52. Bxg6+ Kxg6 53. Kf8 Kxg5 54. e7 Bd7 55. e8=Q Bxe8 1/2-1/2

[Event "Late-Titled-Tuesday-Blitz-February-06-2024"]
[Site "Chess.com"]
[Date "2024.02.06"]
[Round "7"]
[White "Zallio"]
[Black "GAusal"]
[Result "1/2-1/2"]
[WhiteElo "2136"]
[BlackElo "2292"]
[TimeControl "180+1"]
[EndTime "15:17:01 PST"]
[Termination "Game drawn by repetition"]

1. e4 c6 2. d4 d5 3. e5 Bf5 4. Nf3 e6 5. Be2 Ne7 6. O-O Nd7 7. c4 Bg6 8. Nc3 Nf5 9. Bg5 Be7 10. Bxe7 Nxe7 11.
c5 O-O 12. b4 a6 13. a4 f6 14.
exf6 Nxf6 15. b5 axb5 16. axb5 Rxa1 17. Qxa1 Qc7 18. Qa7 Nd7 19. bxc6 Nxc6 20. Qa4 Bh5 21. Nb5 Qf4 22. Nd6 e5 23. Bb5 Bxf3 24. Bxc6 Qg4 25.
g3 Qh3 26. Bxd5+ Bxd5 27. f3 Bc6 28. Qb3+ Kh8 29. Nf7+ Rxf7 30. Qxf7 Nf6 31. dxe5 Ng8 32. e6 Bb5 33. Re1 h6 34. e7 Nf6 35. Qg6 Qd7 36.
Qf7 Ne8 37. Qf8+ Kh7 38. g4 Qd4+ 39. Kh1 Qf2 40. Qf5+ Kh8 41. Qf8+ Kh7 42. Qf5+ Kh8 43. Qf8+ Kh7 1/2-1/2

[Event "Late-Titled-Tuesday-Blitz-February-06-2024"]
[Site "Chess.com"]
[Date "2024.02.06"]
[Round "7"]
[White "McCarthyStone"]
[Black "olawsson"]
[Result "1-0"]
[WhiteElo "2364"]
[BlackElo "2143"]
[TimeControl "180+1"]
[EndTime "15:17:07 PST"]
[Termination "McCarthyStone won on time"]

1. h3 g6 2. g4 Bg7 3. Bg2 c6 4. e3 d5 5. Ne2 e5 6. Ng3 Ne7 7.
d3 O-O 8. Nc3 f5 9. gxf5 Nxf5 10. Nxf5 Bxf5 11. Qe2 Qh4 12. e4 Be6 13. exd5 cxd5 14.
Nxd5 Nc6 15. Be3 Nd4 16. Bxd4 Qxd4 17. Nc3 Rac8 18. Qe3 Qb4 19. O-O-O Rxc3 20. bxc3 Qxc3 21. d4 Qa1+ 22. Kd2 Qxa2 23. Ra1 Qc4 24. Rhe1 exd4 25.
Qxe6+ Qxe6 26. Rxe6 Rxf2+ 27. Re2 Rxe2+ 28. Kxe2 d3+ 29. Kxd3 Bxa1 30. Bxb7 a5 31. Bc6 Kf7 32. Ke4 Ke6 33. c4 Kd6 34. Ba4 Bf6 35. Kd3 Kc5 36. Be8 Kb4 37. Bf7 a4 38. Kc2 a3 39. Kb1 Kc5 40.
Ka2 Bb2 41. Kb3 Kd6 42. Bg8 h6 43. Bh7 g5 44. Bf5 Ke5 45. Bg4 Kd4 46. Be2 Kc5 47. Bd3 Kd4 48. Bg6 Kc5 49. Bf7 Kd4 50. Kc2 Bc3 51.
c5 Bb2 52. c6 Kc5 53. c7 1-0

[Event "Late-Titled-Tuesday-Blitz-February-06-2024"]
[Site "Chess.com"]
[Date "2024.02.06"]
[Round "7"]
[White "Doublekk14"]
[Black "TheMagician"]
[Result "1-0"]
[WhiteElo "2310"]
[BlackElo "2155"]
[TimeControl "180+1"]
[EndTime "15:17:09 PST"]
[Termination "Doublekk14 won on time"]

1. c4 Nf6 2. Nc3 e6 3. e4 d5 4. exd5 exd5 5. d4 Bb4 6. Nf3 O-O 7. Be2 dxc4 8. O-O c5 9. d5 Bxc3 10. bxc3 Qxd5 11. Qxd5 Nxd5 12. Bxc4 Nxc3 13. Ba3 Nd7 14.
Rac1 Ne4 15. Rfe1 Nef6 16. Re7 b6 17. Ng5 h6 18. Nxf7 Kh7 19. Nd6 Nb8 20. Rc7 Ba6 21. Be6 Bd3 22. Rd1 Bc2 23. Rc1 Bg6 24. Bb2 Na6 25. Re7 Nb4 26. Nf5 1-0

[Event "Late-Titled-Tuesday-Blitz-February-06-2024"]
[Site "Chess.com"]
[Date "2024.02.06"]
[Round "7"]
[White "Rawnsdale"]
[Black "martinez_95"]
[Result "1-0"]
[WhiteElo "2527"]
[BlackElo "2247"]
[TimeControl "180+1"]
[EndTime "15:17:11 PST"]
[Termination "Rawnsdale won by resignation"]

1. e4 c5 2. Nf3 Nc6 3. d4 cxd4 4. Nxd4 g6 5. Nc3 Bg7 6. Be3 Nf6 7. f3 O-O 8. Bc4 d6 9. Bb3 a5 10. Qd2 Bd7 11.
O-O-O a4 12. Bc4 Nxd4 13. Bxd4 Qc7 14. Bd3 Rfc8 15. Bxf6 exf6 16. Nd5 Qd8 17. Qb4 Be6 18. Nb6 a3 19. b3 f5 20. Nxa8 Bh6+ 21. Kb1 Qf6 22.
Qxa3 Bg7 23. Kc1 Bh6+ 24. f4 Bxf4+ 25. Kb1 Be5 26. exf5 Rc6 27. fxe6 fxe6 28. Rhf1 Qh4 29. Qa4 1-0

[Event "Late-Titled-Tuesday-Blitz-February-06-2024"]
[Site "Chess.com"]
[Date "2024.02.06"]
[Round "7"]
[White "Pelusiansky"]
[Black "Witik"]
[Result "0-1"]
[WhiteElo "2484"]
[BlackElo "2757"]
[TimeControl "180+1"]
[EndTime "15:17:13 PST"]
[Termination "Witik won by resignation"]

1. c4 c6 2. Nc3 d5 3. d4 Nf6 4. Nf3 e6 5. Bg5 h6 6. Bh4 dxc4 7. e4 g5 8. Bg3 b5 9. Be2 Bb7 10. O-O Nbd7 11. h4 b4 12. Na4 Nxe4 13. Be5 Rg8 14. Qc2 c5 15. Rad1 gxh4 16. dxc5 Qc8 17. Qxc4 Nxe5 18.
Nxe5 Rxg2+ 19. Kxg2 Nd2+ 20. Kg1 Nxc4 21. Bxc4 Bg7 22.
Rfe1 Kf8 23. Bf1 Bxe5 24. Rxe5 Qc6 0-1

[Event "Late-Titled-Tuesday-Blitz-February-06-2024"]
[Site "Chess.com"]
[Date "2024.02.06"]
[Round "7"]
[White "abeljusto"]
[Black "jcmesafischer"]
[Result "0-1"]
[WhiteElo "2077"]
[BlackElo "2345"]
[TimeControl "180+1"]
[EndTime "15:17:13 PST"]
[Termination "jcmesafischer won on time"]

1. d4 Nf6 2. Bf4 d5 3. e3 c5 4. dxc5 Qa5+ 5. Nd2 Nc6 6. Nf3 Bf5 7. a3 Qxc5 8. c4 dxc4 9. Bxc4 e5 10. Qb3 exf4 11. Qxb7 Rb8 12. Qxf7+ Kd8 13. Rd1 Qe7 14. Nb3+ Kc7 15.
Nfd4 Qxf7 16. Bxf7 Bd7 17. Nxc6 Bxc6 18. Nd4 Bd7 19.
Rc1+ Kd6 20. O-O g6 21. exf4 Bh6 22. g3 Rxb2 0-1

[Event "Late-Titled-Tuesday-Blitz-February-06-2024"]
[Site "Chess.com"]
[Date "2024.02.06"]
[Round "7"]
[White "Nouali_Mohamed"]
[Black "TheAlienParty"]
[Result "1-0"]
[WhiteElo "2576"]
[BlackElo "2389"]
[TimeControl "180+1"]
[EndTime "15:17:14 PST"]
[Termination "Nouali_Mohamed won by checkmate"]

1. e4 e5 2. Bc4 Nf6 3. Nc3 c6 4. d4 Bb4 5. dxe5 Nxe4 6. Qg4 Nxc3 7.
Qxg7 Rf8 8. a3 Na2+ 9. axb4 Nxc1 10. Rxc1 d5 11. Bd3 Qe7 12. Ne2 Qxb4+ 13. c3 Qxb2 14. O-O Be6 15. Rb1 Qd2 16. Rfd1 Qa2 17. Rxb7 Nd7 18.
Nd4 O-O-O 19. Rdb1 Nb6 20. Nxe6 Kxb7 21. Nxf8 d4 22.
c4 Qa3 23. Qxf7+ Ka8 24. Be4 Qc5 25. Ne6 Qxc4 26. Nc7+ Kb7 27. Qxc4 Rd7 28. Qa6+ Kxc7 29. Qxa7+ Kd8 30. Qxb6+ Ke7 31. Qc5+ Kf7 32. Bd3 Rd5 33. Bc4 Ke6 34. Bxd5+ cxd5 35. Qxd4 h5 36. f4 h4 37. Kf2 Kf5 38. Kf3 h3 39. g4+ Kg6 40.
Rb6+ Kh7 41. Qd3+ Kh8 42. Rb8+ Kg7 43. Qf5 Kh6 44. Qf6+ Kh7 45. Rh8# 1-0

[Event "Late-Titled-Tuesday-Blitz-February-06-2024"]
[Site "Chess.com"]
[Date "2024.02.06"]
[Round "7"]
[White "dropstoneDP"]
[Black "GMG"]
[Result "1-0"]
[WhiteElo "2990"]
[BlackElo "2680"]
[TimeControl "180+1"]
[EndTime "15:17:15 PST"]
[Termination "dropstoneDP won on time"]

1. e4 c5 2. Nf3 Nc6 3. Bb5 e6 4. O-O Nge7 5. Re1 b6 6. b4 Nxb4 7. c3 Na6 8. d4 Nc7 9. Ba4 b5 10. Bc2 cxd4 11. cxd4 d5 12. Bf4 Bb7 13. Nc3 a6 14.
Ne5 Ng6 15. Qf3 Bb4 16. Bg3 O-O 17. Nxg6 fxg6 18. Qe3 dxe4 19. Rec1 Nd5 20. Nxd5 exd5 21. Bb3 Rf7 22. a4 bxa4 23. Bxa4 h6 24. h4 a5 25.
Rc2 Rc8 26. Rxc8 Qxc8 27. Rc1 Qf5 28. Qe2 Kh7 29. Qb5 Qf6 30. Qe8 Re7 31. Qd8 Qxd4 32. h5 gxh5 33. Bd7 Qf6 34. Rc7 1-0

[Event "Late-Titled-Tuesday-Blitz-February-06-2024"]
[Site "Chess.com"]
[Date "2024.02.06"]
[Round "7"]
[White "argentum049"]
[Black "Mikasinski"]
[Result "0-1"]
[WhiteElo "2463"]
[BlackElo "2604"]
[TimeControl "180+1"]
[EndTime "15:17:19 PST"]
[Termination "Mikasinski won on time"]

1. d4 Nf6 2. c4 g6 3. f3 Bg7 4. e4 O-O 5. Ne2 d6 6. Be3 e5 7. Nbc3 exd4 8. Nxd4 Re8 9. Be2 c6 10.
O-O d5 11. cxd5 cxd5 12. Ndb5 a6 13. Qa4 Bd7 14. Qa3 Nc6 15. Nd6 d4 16. Nxe8 Qxe8 17. Nd5 Nxd5 18. exd5 Na7 19. Bf2 Qxe2 20. Rfe1 Qc4 21.
Rac1 Qxd5 22. Rc5 Qd6 23. Bg3 Qf8 24. h4 h5 25. Be5 Nb5 26. Qb4 a5 27. Qc4 Bxe5 28.
Rcxe5 Nd6 29. Qxd4 Re8 30. Rxe8 Bxe8 31. Qc5 Nf5 32.
Qxa5 Bc6 33. Qc3 Nxh4 34. Qe5 Nf5 35. Kh2 Qb4 36. Qc3 Qh4+ 37. Kg1 Ng3 38. Kf2 Ne4+ 0-1

[Event "Late-Titled-Tuesday-Blitz-February-06-2024"]
[Site "Chess.com"]
[Date "2024.02.06"]
[Round "7"]
[White "Escanor89"]
[Black "ameetghasi100"]
[Result "0-1"]
[WhiteElo "2514"]
[BlackElo "2728"]
[TimeControl "180+1"]
[EndTime "15:17:20 PST"]
[Termination "ameetghasi100 won on time"]

1. Nf3 g6 2. d4 Bg7 3. e4 d6 4.
Nc3 Nf6 5. h3 O-O 6. Be3 Nc6 7.
Be2 e5 8. dxe5 dxe5 9. Qxd8 Rxd8 10. O-O Be6 11. Rfd1 h6 12. Rxd8+ Rxd8 13. Rd1 Rxd1+ 14. Bxd1 Ne8 15. Nd2 Nd6 16. f3 f5 17. Nd5 Bxd5 18.
exd5 Nb4 19. c3 Nd3 20. Bxa7 Nxb2 21. Bb3 Kf8 22. Bb8 Ne8 23. c4 b6 24. g4 Ke7 25.
gxf5 gxf5 26. c5 bxc5 27. Ba7 Kd6 28. Kf2 Nf6 29. Ke2 Nxd5 30. Nc4+ Nxc4 31. Bxc4 Nb4 32. a3 Nc6 0-1

[Event "Late-Titled-Tuesday-Blitz-February-06-2024"]
[Site "Chess.com"]
[Date "2024.02.06"]
[Round "7"]
[White "Walter_White_Poland"]
[Black "protectiago"]
[Result "1-0"]
[WhiteElo "2400"]
[BlackElo "2101"]
[TimeControl "180+1"]
[EndTime "15:17:20 PST"]
[Termination "Walter_White_Poland won by checkmate"]

1. d4 Nf6 2. Bf4 e6 3. e3 d5 4. Nf3 c5 5. c3 Nc6 6. Nbd2 Qb6 7. Qb3 c4 8. Qxb6 axb6 9. a3 b5 10. Rc1 Bd7 11. h3 h6 12. g4 g5 13. Bc7 Be7 14.
Bg2 Bd8 15. Bxd8 Nxd8 16. Ne5 Nc6 17. f4 Nxe5 18. fxe5 Ng8 19. e4 Bc6 20. O-O dxe4 21. Nxe4 Bxe4 22. Bxe4 Ra7 23. d5 Ne7 24. d6 Nc6 25.
Bxc6+ bxc6 26. Kf2 Rd7 27. Ke3 Rg8 28. Rf6 Rg6 29.
Rxg6 fxg6 30. Rf1 c5 31. Rf6 Rf7 32. Rxe6+ Kd7 33. Rxg6 Rf1 34. Ke4 Re1+ 35. Kd5 Rd1+ 36. Kxc5 Rd2 37. Rg7+ Kd8 38. e6 Rxb2 39. Rg8# 1-0

[Event "Late-Titled-Tuesday-Blitz-February-06-2024"]
[Site "Chess.com"]
[Date "2024.02.06"]
[Round "7"]
[White "ImportedItalianMaple"]
[Black "Ajedrez_con_German"]
[Result "0-1"]
[WhiteElo "2501"]
[BlackElo "2666"]
[TimeControl "180+1"]
[EndTime "15:17:22 PST"]
[Termination "Ajedrez_con_German won by resignation"]

1. Nf3 e6 2. g3 d5 3. Bg2 Nf6 4. O-O Be7 5. c4 O-O 6. b3 b6 7.
cxd5 Nxd5 8. Bb2 Bf6 9. d4 Bb7 10. e4 Nb4 11. Re1 c5 12. e5 Be7 13. a3 N4a6 14.
Nc3 Nd7 15. d5 exd5 16. Nxd5 Nc7 17. Nxe7+ Qxe7 18. Qd6 Qxd6 19. exd6 Ne6 20. Ne5 Nxe5 21. Bxb7 Rab8 22. Be4 Nd7 23. Rad1 Rfd8 24. Bf5 Ndf8 25. Rd2 b5 26. Be5 Rb6 27. Red1 Ra6 28. Bb2 Ng6 29.
d7 Ngf8 30. b4 Rc6 31. Be4 Rc7 32. bxc5 Nxc5 33. Bd3 Rcxd7 0-1

[Event "Late-Titled-Tuesday-Blitz-February-06-2024"]
[Site "Chess.com"]
[Date "2024.02.06"]
[Round "7"]
[White "Mariia89"]
[Black "cthake"]
[Result "1-0"]
[WhiteElo "2195"]
[BlackElo "1820"]
[TimeControl "180+1"]
[EndTime "15:17:22 PST"]
[Termination "Mariia89 won on time"]

1. d4 Nf6 2. Nf3 e6 3. Bg5 Be7 4. e3 d5 5. Bd3 c6 6. c3 Nbd7 7. Ne5 O-O 8. Nd2 h6 9. Bh4 Nxe5 10. dxe5 Nd7 11. Bg3 Qb6 12. b3 c5 13. O-O a5 14.
Qg4 Qd8 15. Bf4 Qe8 16. Bxh6 g6 17. Bxf8 Qxf8 18. f4 Qg7 19. Rf3 a4 20. Raf1 axb3 21. axb3 Ra2 22. Nb1 Rb2 23. h4 Rxb3 24. Rg3 c4 25.
Bc2 Rb2 26. Rf2 Nc5 27. h5 Ne4 28. Bxe4 Rxf2 29. hxg6 fxg6 30. Kxf2 1-0

[Event "Late-Titled-Tuesday-Blitz-February-06-2024"]
[Site "Chess.com"]
[Date "2024.02.06"]
[Round "7"]
[White "SocoLoco"]
[Black "boguszp"]
[Result "1-0"]
[WhiteElo "2176"]
[BlackElo "2054"]
[TimeControl "180+1"]
[EndTime "15:17:25 PST"]
[Termination "SocoLoco won on time"]

1. e4 c6 2. b3 d5 3. Bb2 dxe4 4. Nc3 f5 5. f3 e5 6. fxe4 Nf6 7. d3 Bb4 8. exf5 Bxf5 9. a3 Bc5 10. Nf3 O-O 11. Qe2 Re8 12. O-O-O Nbd7 13. Ne4 Bxe4 14. dxe4 Qe7 15. b4 Bb6 16. Qc4+ Kh8 17. Ng5 Rf8 18. h4 a5 19. c3 axb4 20. cxb4 Be3+ 21. Kb1 Ng4 22. Qe2 Ndf6 23. Nh3 Rad8 24. g3 Rxd1+ 25. Qxd1 Rd8 26. Qb3 Bd4 27. Bc4 Nxe4 28. Ng5 Nd2+ 29.
Ka2 Nxb3 30. Nf7+ Kg8 31. Nxd8+ Kf8 32. Nxc6 bxc6 33. Bxb3 Ke8 34. Rf1 1-0

[Event "Late-Titled-Tuesday-Blitz-February-06-2024"]
[Site "Chess.com"]
[Date "2024.02.06"]
[Round "7"]
[White "jcibarra"]
[Black "ChessLover0108"]
[Result "1-0"]
[WhiteElo "2903"]
[BlackElo "3003"]
[TimeControl "180+1"]
[EndTime "15:17:26 PST"]
[Termination "jcibarra won by resignation"]

1. e4 c5 2. Nf3 d6 3. d4 cxd4 4. Nxd4 e6 5. c4 Nf6 6. Nc3 Be7 7. Be3 b6 8. Be2 Bb7 9. f3 a6 10. O-O Nbd7 11. Qd2 O-O 12. a4 Rc8 13. a5 d5 14. cxd5 exd5 15. Nxd5 Nxd5 16. exd5 b5 17. Nf5 Bf6 18. Nd6 Rc7 19. Nxb7 Rxb7 20. Rac1 Re8 21. Rfe1 h5 22. Bf1 Ne5 23. Bb6 Qd7 24. f4 Ng6 25.
Rxe8+ Qxe8 26. d6 Qe6 27. Re1 Qg4 28. Re8+ Kh7 29. Bd3 Qd7 30. Qe2 Kh6 31. Qe4 Qxd6 32.
Rh8+ 1-0

[Event "Late-Titled-Tuesday-Blitz-February-06-2024"]
[Site "Chess.com"]
[Date "2024.02.06"]
[Round "7"]
[White "Bkmzzzzz"]
[Black "aleksanchess"]
[Result "1-0"]
[WhiteElo "2415"]
[BlackElo "2259"]
[TimeControl "180+1"]
[EndTime "15:17:26 PST"]
[Termination "Bkmzzzzz won by resignation"]

1. e4 e6 2. Nf3 d5 3. exd5 exd5 4.
d4 Nf6 5. Bd3 Bd6 6. O-O O-O 7.
Bg5 h6 8. Bh4 c5 9. dxc5 Bxc5 10. Nc3 Be6 11. Re1 Nc6 12. Ne2 g5 13. Bg3 Ne4 14.
Bxe4 dxe4 15. Ne5 f5 16. Nxc6 bxc6 17. Be5 Qd5 18. Qxd5 cxd5 19. c3 f4 20. Bd4 Bd6 21.
Rad1 f3 22. gxf3 Rxf3 23. Nc1 Rh3 24. Re3 Bxh2+ 25. Kg2 Rxe3 26. Bxe3 Bc7 27. Ne2 Bg4 28. Rd2 Rd8 29. Nd4 Bf4 30. Nc6 Rd7 31. Nb4 Bf3+ 32. Kg1 h5 33. Nxd5 Bxe3 34. fxe3 g4 35. Nf6+ Kf7 36.
Nxd7 h4 37. Ne5+ Kf6 38. Rd5 g3 39. Nxf3 exf3 40. Rh5 Kg6 41. Rxh4 Kg5 42. Rf4 f2+ 43. Kg2 1-0

[Event "Late-Titled-Tuesday-Blitz-February-06-2024"]
[Site "Chess.com"]
[Date "2024.02.06"]
[Round "7"]
[White "BelaKis"]
[Black "LeninGuerra"]
[Result "1/2-1/2"]
[WhiteElo "2224"]
[BlackElo "2628"]
[TimeControl "180+1"]
[EndTime "15:17:27 PST"]
[Termination "Game drawn by repetition"]

1. d4 Nf6 2. c4 c5 3. d5 d6 4. Nc3 g6 5. e4 Bg7 6. h3 O-O 7. Bg5 Nbd7 8. Nf3 h6 9. Be3 a6 10. a4 Rb8 11. Qd2 Kh7 12. Bd3 Re8 13. O-O e5 14. dxe6 Rxe6 15. Rad1 Qb6 16. Rfe1 Qb3 17. Qc2 Qxc2 18. Bxc2 Nb6 19. b3 Bd7 20. a5 Na8 21. Nd5 Nxd5 22. exd5 Ree8 23. Bf4 Bf8 24. g4 Nc7 25.
Kg2 Rxe1 26. Rxe1 Re8 27. Rxe8 Nxe8 28. Nd2 Kg7 29. Bg3 f5 30. gxf5 gxf5 31. Kf3 Be7 32. Nf1 Bg5 33. Ne3 Bxe3 34. fxe3 Kf6 35. e4 fxe4+ 36.
Bxe4 Bf5 37. Bh4+ Ke5 38. Bg3+ Kf6 39. Bh4+ Ke5 40. Bg3+ Kf6 1/2-1/2

[Event "Late-Titled-Tuesday-Blitz-February-06-2024"]
[Site "Chess.com"]
[Date "2024.02.06"]
[Round "7"]
[White "kingofthenil"]
[Black "Msb2"]
[Result "0-1"]
[WhiteElo "2678"]
[BlackElo "2984"]
[TimeControl "180+1"]
[EndTime "15:17:29 PST"]
[Termination "Msb2 won on time"]

1. d4 d5 2. c4 e6 3. Nf3 Nf6 4. Nc3 Bb4 5. a3 Bxc3+ 6. bxc3 O-O 7. a4 c5 8. e3 Qa5 9. Ba3 Qxc3+ 10. Nd2 Ne4 11.
Qc1 Qa5 12. Bd3 Rd8 13. Bxe4 dxe4 14. Bxc5 b6 15. Be7 Rd7 16. Ba3 Qg5 17. O-O Bb7 18.
Rb1 Na6 19. Rb5 Qg6 20. h4 Nc7 21. Rg5 Qh6 22. Qd1 f6 23. Rg3 Qxh4 24. Rg4 Qh6 25. Rxe4 Bxe4 26. Nxe4 Qg6 27. Qf3 Rad8 28. Ng3 Qd3 29.
Bb2 Qxc4 30. Rc1 Qxa4 31. Nh5 Qb5 32. Ba1 Qf5 33. Qe2 Ne8 34. e4 Qg5 35. Rd1 Nd6 36.
d5 e5 37. Bb2 Nxe4 38. Nxg7 Rxg7 39. Qxe4 Qg4 40. Qxg4 Rxg4 41. Ba3 Rd4 42. Rc1 R4xd5 43. Rc7 R8d7 0-1

[Event "Late-Titled-Tuesday-Blitz-February-06-2024"]
[Site "Chess.com"]
[Date "2024.02.06"]
[Round "7"]
[White "ACollins05"]
[Black "ChessBrainiacOnTwitch"]
[Result "1-0"]
[WhiteElo "2458"]
[BlackElo "2822"]
[TimeControl "180+1"]
[EndTime "15:17:29 PST"]
[Termination "ACollins05 won by resignation"]

1. d4 Nf6 2. c4 e6 3. Nf3 d5 4. g3 Bb4+ 5. Nbd2 O-O 6. Bg2 b6 7. O-O Bb7 8. Ne5 Nbd7 9. Qa4 Bd6 10. Nxd7 Nxd7 11. cxd5 exd5 12. Nc4 Be7 13. Bf4 a6 14.
Ne5 b5 15. Qc2 Nxe5 16. Bxe5 Rc8 17. Rac1 c5 18. dxc5 Bxc5 19. Qd3 Re8 20. Bf4 Qe7 21. Bxd5 Rcd8 22. e4 Bxd5 23. exd5 Bd6 24. Bxd6 Rxd6 25.
Rc6 Red8 26. Rxd6 Rxd6 27. Rc1 g6 28. Rc6 h5 29. h4 Rd8 30. d6 Qe1+ 31. Kg2 Qe6 32.
Rxa6 b4 33. a3 bxa3 34. bxa3 Qd7 35. Qd5 Rc8 36. Ra8 Rxa8 37. Qxa8+ Kg7 38. Qd5 f5 39. a4 f4 40. a5 Kf8 41. a6 fxg3 42. Qa8+ Kf7 43.
Qb7 1-0

[Event "Late-Titled-Tuesday-Blitz-February-06-2024"]
[Site "Chess.com"]
[Date "2024.02.06"]
[Round "7"]
[White "NovakRatko"]
[Black "BeardedNM"]
[Result "1-0"]
[WhiteElo "2399"]
[BlackElo "2246"]
[TimeControl "180+1"]
[EndTime "15:17:31 PST"]
[Termination "NovakRatko won on time"]

1. d4 e6 2. c4 Nf6 3. a3 d5 4. Nc3 c5 5. dxc5 Bxc5 6. cxd5 exd5 7. b4 Bb6 8. e3 O-O 9. Nf3 Nc6 10. Na4 Bc7 11.
Be2 Re8 12. O-O Bg4 13. Bb2 Ne4 14. Nc3 Ne5 15. Nxe4 dxe4 16. Nxe5 Bxe2 17. Qxe2 Bxe5 18. Bxe5 Rxe5 19. Rad1 Rd5 20. Rxd5 Qxd5 21. Rd1 Qe6 22. Qd2 h5 23. Qd7 Qxd7 24. Rxd7 Rc8 25. g3 Rc3 26. a4 Ra3 27. a5 b6 28. Rxa7 bxa5 29. Rxa5 Rb3 30.
Rb5 h4 31. gxh4 Kh7 32. Kg2 Kg6 33. Kg3 f5 34. Kf4 Rb2 35. Rb6+ Kh7 36. Kg3 g6 37. h3 Kh6 38. Rb7 1-0